 Dungeon Crawl Stone Soup version 0.32-a0-913-g739538afd8 (webtiles) character file.

Game seed: 1214771680990412627

4929 pokedragonboy the Protected (level 10, -3/65 HPs)
             Began as a Gargoyle Fighter on Apr 8, 2024.
             Was a Priest of Zin.
             Slain by a large abomination (28 damage)
             ... on level 1 of the Abyss.
             The game lasted 00:12:44 (7807 turns).

pokedragonboy the Protected (Gargoyle Fighter)      Turns: 7807, Time: 00:12:45

Health: -3/65      AC: 22    Str: 24    XL:     10   Next: 52%
Magic:  15/15      EV:  6    Int:  9    God:    Zin [***...]
Gold:   248        SH:  4    Dex: 12    Spells: 9/9 levels left

rFire   . . .        b - +10 whip "Ecergh" {speed, ^Contam rPois rCorr Dex+3}
rCold   . . .        c - +0 buckler
rNeg    + . .        o - +0 plate armour
rPois   ∞            (no helmet)
rElec   +            (no cloak)
rCorr   +            (no gloves)
SInv    .            q - +0 pair of boots
Will    .....        z - amulet of magic regeneration Stlth
                     (no ring)
HPRegen 0.30/turn    (no ring)
MPRegen 0.54/turn

%: no passive effects
@: on recite cooldown
A: sickness immunity, AC +7, negative energy resistance 1, electricity
resistance, torment resistance 1, petrification resistance
a: Renounce Religion, Recite, Vitalisation, Imprison, Donate Gold


You were on level 1 of the Abyss.
You worshipped Zin.
Zin was most pleased with you.
You visited 1 branch of the dungeon, and saw 8 of its levels.
You visited the Abyss 1 time.

You collected 330 gold pieces.
You donated 82 gold pieces to Zin.

Inventory:

Hand Weapons
 a - a +2 war axe of venom
 b - the +10 whip "Ecergh" (weapon) {speed, ^Contam rPois rCorr Dex+3}
   (You took it off an orc priest on level 6 of the Dungeon)

   Dex+3:     It affects your dexterity (+3).
   rPois:     It protects you from poison.
   ^Contam:   It causes magical contamination when unequipped.
   rCorr:     It protects you from acid and corrosion.
Armour
 c - a +0 buckler (worn)
 o - a +0 plate armour (worn)
 p - the +1 helmet of Virtue {-Tele rElec rN+ Will+++}
   (You found it on level 4 of the Dungeon)

   rElec:     It insulates you from electricity.
   rN+:       It protects you from negative energy.
   Will+++:   It greatly increases your willpower.
   -Tele:     It prevents most forms of teleportation.
 q - a +0 pair of boots (worn)
 y - the +0 scale mail of Gozag, Gazing {rF+++ Will+ Int-4 Stlth+}
   (You found it on level 6 of the Dungeon)

   Int-4:     It affects your intelligence (-4).
   rF+++:     It renders you almost immune to fire.
   Will+:     It increases your willpower.
   Stlth+:    It makes you more stealthy.
 B - an orb of guile
 I - +0 acid dragon scales
Jewellery
 z - an amulet of magic regeneration (around neck)
 G - the ring of Duxiggu {Int+2 Dex+6}
   (You found it on level 8 of the Dungeon)

   [ring of dexterity]

   Int+2:     It affects your intelligence (+2).
   Dex+6:     It affects your dexterity (+6).
Wands
 d - a wand of paralysis (13)
 E - a wand of flame (17)
 H - a wand of quicksilver (5)
Scrolls
 f - a scroll of poison
 h - a scroll of noise {unknown}
 j - a scroll of fear
 k - a scroll of torment {unknown}
 m - 3 scrolls of identify {unknown}
 s - a scroll of immolation {unknown}
 u - a scroll of silence {unknown}
 v - 2 scrolls of teleportation {unknown}
 w - 2 scrolls of fog {unknown}
 x - a scroll of enchant weapon {unknown}
 A - a scroll of vulnerability {unknown}
 D - a scroll of blinking {unknown}
Potions
 e - 7 potions of attraction
 g - 3 potions of brilliance {unknown}
 i - 3 potions of curing
 l - 2 potions of mutation {unknown}
 n - 2 potions of ambrosia {unknown}
 r - 2 potions of degeneration {unknown}
 t - 3 potions of cancellation {unknown}
 C - a potion of enlightenment {unknown}
 F - 2 potions of might


   Skills:
 + Level 8.9 Fighting
 + Level 7.8 Axes
 + Level 8.9 Armour
 - Level 3.4 Shields
 * Level 7.6 Invocations


You had 9 spell levels left.
You didn't know any spells.
Your spell library contained the following spells:

 Spells                   Type           Power      Damage    Failure   Level
 Mercury Vapours          Alch/Air       0%         N/A       100%        2
 Maxwell's Portable Pile  Tloc           0%         2d(5-13)  100%        3
 Mephitic Cloud           Conj/Alch/Air  0%         N/A       100%        3
 Arcjolt                  Conj/Air       0%         1d10      100%        5
 Freezing Cloud           Conj/Ice/Air   0%         6-21      100%        5
 Maxwell's Capacitive Co  Air            0%         ∞         100%        8


Dungeon Overview and Level Annotations

Branches:
Dungeon (8/15)             Temple (0/1) D:6
   Lair: D:8-11

Altars:
Uskayaw
Xom
Yredelemnul
Zin
The Shining One

Shops:
D:5 =

Annotations:
D:8 Joseph


Innate Abilities, Weirdness & Mutations

You are immune to sickness and miasma.
Your stone body is resilient. (AC +7)
You are immune to poison.
You resist negative energy. (rN+)
You are resistant to electric shocks. (rElec)
You are resistant to unholy torment.
You are immune to petrification.


Message History

You destroy the centaur warrior skeleton!
Zin accepts your kill.
Unknown command.
You start resting.
A large abomination comes into view.
Activating: Recite (0% risk of failure)
Press: ? - help, Q - select action, (/) - cycle Dir - look around, f - activate You clear your throat and prepare to recite. "Yea, I say unto thee, bring forth..."
Something shouts, "Get thee gone, thou peeagling spleeny snake-molt!"
The large abomination hits you! "...the legions of the damned that they may know..."
The large abomination attacks as it pursues you!
The large abomination hits you but does no damage. "...the wrath of Zin, and thus be ousted!"
The large abomination is smitten by the wrath of Zin.
The large abomination is moderately damaged.
You finish reciting Anathema 10:16.
You start resting.
You are ready to recite again.
You start resting.
A large abomination is nearby!
A large abomination is nearby!
Activating: Recite (0% risk of failure)
Press: ? - help, Q - select action, (/) - cycle Dir - look around, f - activate You clear your throat and prepare to recite. "To those who would swear an oath of lawfulness on my altar..."
Unknown command. "...I bring ye salvation.
To the rest, ye bastard children of Xom..." "...and the anarchic, the name of Zin shall be thy damnation."
You finish reciting Abominations 20:56.
The large abomination hits you!!
Found a gateway leading deeper into the Abyss.
Okay, then.
Okay, then.
Okay, then.
Found a gateway leading deeper into the Abyss.
The large abomination attacks as it pursues you!
The large abomination hits you!!
You die...

#. # #. ## ..##
## ...####.##.#.
.## # ..#. .
##....##.#..
#....##..#.....#
#.... ...##.. ##.
#.###.#...## #.
##....##....#
#X#.#.##.#..#X#.#
. ##.##.....#@# .
#. #.###.##...#
.. ..#. #.# .#..#
. ..##.# #.# #.
#.# . .#.## ## #.
.. # .. .. .#.
.># . # . .. #.
#. >#


You could see a large abomination.

Vanquished Creatures
  A centaur skeleton (Abyss:1)
  Maggie (D:8)
  Jeremiah (D:7)
  A troll (D:8)
  Prince Ribbit (D:7)
  Grinder (D:3)
  8 yaks (D:6)
  A steam dragon (D:8)
  Duvessa (D:5)
  A water moccasin (D:8)
  A sky beast (D:6)
  2 ogres
  A centaur (D:6)
  A kobold brigand (D:7)
  A phantom (D:6)
  A bullfrog (D:8)
  A gnoll sergeant (D:4)
  4 scorpions
  5 wights (D:6)
  Dowan (D:5)
  A howler monkey (D:7)
  6 hounds
  4 orc priests
  2 sleepcaps
  Terence (D:2)
  3 iguanas
  2 orc wizards
  6 gnolls (D:4)
  10 adders
  2 shadow imps (D:5)
  4 ufetubi (D:5)
  4 ribbon worms
  9 dart slugs
  13 orcs
  9 endoplasms
  3 giant cockroaches
  12 goblins
  10 hobgoblins
  7 quokkas
  7 ball pythons
  5 bats
  2 frilled lizards (D:3)
  19 kobolds
  5 rats
181 creatures vanquished.

Vanquished Creatures (others)
  An angel (D:5)
1 creature vanquished.

Grand Total: 182 creatures vanquished

Notes
Turn   | Place    | Note
-------+----------+-------------------------------------------
     0 | D:1      | pokedragonboy the Gargoyle Fighter began the quest for the
                  | Orb.
     0 | D:1      | Reached XP level 1. HP: 14/14 MP: 1/1
    69 | D:1      | Reached XP level 2. HP: 19/19 MP: 2/2
   351 | D:1      | Reached XP level 3. HP: 23/23 MP: 3/3
  1090 | D:2      | Reached XP level 4. HP: 29/29 MP: 4/4
  1223 | D:2      | Noticed Terence
  1228 | D:2      | Killed Terence
  1771 | D:2      | Reached XP level 5. HP: 31/33 MP: 5/5
  2551 | D:3      | Noticed Grinder
  2557 | D:3      | Paralysed by Grinder for 5 turns
  2563 | D:3      | Paralysed by Grinder for 5 turns
  2572 | D:3      | Paralysed by Grinder for 3 turns
  2576 | D:3      | Killed Grinder
  2577 | D:3      | Reached XP level 6. HP: 30/40 MP: 6/6
  2971 | D:4      | Reached skill level 5 in Fighting
  2971 | D:4      | Reached skill level 5 in Armour
  3030 | D:4      | Reached XP level 7. HP: 44/44 MP: 7/7
  3095 | D:4      | Reached skill level 1 in Invocations
  3105 | D:4      | Reached skill level 5 in Axes
  3280 | D:4      | Identified the +1 helmet of Virtue {-Tele rElec rN+
                  | Will+++}
  3764 | D:5      | Entered Level 5 of the Dungeon
  3898 | D:5      | Noticed an angel
  3899 | D:5      | Found a shimmering altar of Xom.
  3899 | D:5      | Found a glowing silver altar of Zin.
  3907 | D:5      | Noticed Duvessa
  3907 | D:5      | Noticed Dowan
  3928 | D:5      | Became a worshipper of Zin the Law-Giver
  3928 | D:5      | Reached * piety under Zin
  3941 | D:5      | Killed Dowan
  4001 | D:5      | Killed an angel
  4088 | D:5      | Zin protects you from harm!
  4092 | D:5      | Killed Duvessa
  4093 | D:5      | Reached XP level 8. HP: 26/51 MP: 8/10
  4269 | D:5      | Found Zeschups's Jewellery Emporium.
  4358 | D:5      | Donated 49 gold pieces to Zin
  4702 | D:5      | Found Evigael's Jewellery Emporium.
  4898 | D:6      | Noticed a yak
  4903 | D:6      | Noticed a yak
  4904 | D:6      | Killed a yak
  4904 | D:6      | Noticed a yak
  4913 | D:6      | Killed a yak
  4922 | D:6      | Killed a yak
  5102 | D:6      | Found a hide-covered altar of Uskayaw.
  5251 | D:6      | Reached XP level 9. HP: 56/56 MP: 12/12
  5278 | D:6      | Reached skill level 5 in Invocations
  5299 | D:6      | Found a staircase to the Ecumenical Temple.
  5306 | D:6      | Identified the +10 whip "Ecergh" {speed, ^Contam rPois
                  | rCorr Dex+3}
  5328 | D:6      | HP: 2/59 [wight/+3 dagger (9)]
  6110 | D:6      | Identified the +0 scale mail of Gozag, Gazing {rF+++ Will+
                  | Int-4 Stlth+}
  6372 | D:7      | Noticed Jeremiah
  6389 | D:7      | Killed Jeremiah
  6390 | D:7      | Reached XP level 10. HP: 61/65 MP: 14/14
  6404 | D:7      | Reached ** piety under Zin
  6540 | D:7      | Noticed Prince Ribbit
  6551 | D:7      | Killed Prince Ribbit
  6883 | D:7      | Reached *** piety under Zin
  7065 | D:8      | Identified the ring of Duxiggu {Int+2 Dex+6}
  7251 | D:8      | Found a basalt altar of Yredelemnul.
  7253 | D:8      | Noticed a profane servitor
  7281 | D:8      | Noticed Maggie
  7299 | D:8      | Killed Maggie
  7653 | D:8      | Found a glowing golden altar of the Shining One.
  7655 | D:8      | Noticed an angel
  7694 | D:8      | Noticed Joseph
  7706 | Abyss:1  | Cast into level 1 of the Abyss (Joseph)
  7777 | Abyss:1  | Noticed a large abomination
  7807 | Abyss:1  | Slain by a large abomination

Illustrated notes

Levels and vault maps discovered:
D:1:      scummos_arrival_simple_crosswalls, layout_basic, minmay_hexomino_r4
D:2:      minmay_wonky_spiral, layout_basic, uniq_terence
D:3:      layout_basic, lexackson_kobold_supper, uniq_grinder
D:4:      layout_loops_ring, chequers_serial_rivers_room_b
D:5:      layout_basic, grunt_temple_overflow_order_and_chaos_1, serial_shops,
          shop, shop, uniq_duvessa
D:6:      layout_loops_ring, mainiacjoe_overflow_six_doors_small,
          minmay_temple_entry_waves, hangedman_abyss_or_decor_stabs
D:7:      layout_basic, uniq_prince_ribbit1, uniq_jeremiah
D:8:      layout_basic, grunt_temple_overflow_holy_war, lightli_church_of_beogh,
          uniq_maggie, uniq_joseph
Abyss:1:  base: D:1, base:
D:7

Skill      XL: |  1  2  3  4  5  6  7  8  9 10 |
---------------+-------------------------------+-----
Axes           | 2 3 4 5 6 7 |  7.8
Fighting       | 4 5 6 8 |  8.9
Armour         | 4 5 6 8 |  8.9
Invocations    | 2 4 6 7 |  7.6
Shields        | |  3.4

Action                     |  1- 3 |  4- 6 |  7- 9 | 10-12 || total
---------------------------+-------+-------+-------+-------++-------
  Melee: War axe           |    90 |   172 |   239 |       ||   501
         Whip              |       |       |    30 |    86 ||   116
 Invoke: Recite            |       |       |     4 |     8 ||    12
         Donate Gold       |       |       |     1 |       ||     1
    Use: Potion            |     1 |       |    11 |       ||    12
         Scroll            |       |     1 |     2 |       ||     3
   Stab: Invisible         |       |       |       |     1 ||     1
 Armour: Scale mail        |    68 |    25 |       |       ||    93
         Plate armour      |       |   137 |   319 |    63 ||   519
  Dodge: Dodged            |    34 |    74 |   131 |    14 ||   253
  Block: Buckler           |    17 |    38 |    67 |    15 ||   137

Table legend: (Time is in decaauts)
 A = Elapsed time spent in this place.
 B = Non-inter-level travel time spent in this place.
 C = Inter-level travel time spent in this place.
 D = Time resting spent in this place.
 E = Time spent auto-exploring this place.
 F = Levels seen in this place.
 G = Mean time per level.
                   A        B        C        D        E       F      G
               +--------+--------+--------+--------+--------+-----+--------+
         Total |   7915 |   7686 |    229 |    798 |   5456 |   9 |  879.4 |
       Dungeon |   7819 |   7590 |    229 |    722 |   5456 |   8 |  977.4 |
         Abyss |     96 |     96 |      0 |     76 |      0 |   1 |   96.0 |
               +--------+--------+--------+--------+--------+-----+--------+

Top non-repeatable levels by time:
     D:6: 1385 daAuts
     D:5: 1134 daAuts
     D:3: 1088 daAuts
     D:2: 1070 daAuts
     D:1: 865 daAuts
     D:4: 860 daAuts
     D:7: 789 daAuts
     D:8: 623 daAuts
 Abyss:1: 96 daAuts
